 Dungeon Crawl Stone Soup version 0.28.0-49-g6dfe1f597d (webtiles) character file.

Game seed: 13841310875209102210

8533 firemarshallily the Frost Mage (level 11, -5/68 HPs)
             Began as a Merfolk Ice Elementalist on May 19, 2022.
             Was an Elder of Qazlal.
             Killed by refrigeration
             ... invoked by Fannar
              (37 damage)
             ... on level 10 of the Dungeon.
             The game lasted 01:00:54 (11791 turns).

firemarshallily the Frost Mage (MfIE)              Turns: 11791, Time: 01:00:55

Health: -5/68      AC: 19    Str:  8    XL:     11   Next: 32%
Magic:  6/25       EV: 12    Int: 25    God:    Qazlal [****..]
Gold:   303        SH:  5    Dex: 17    Spells: 0/30 levels left

rFire   + . .      SeeInvis .   n - +3 dagger "Muriah" {freeze, Dex+2}
rCold   x . .      Faith    +   (no shield)
rNeg    . . .      Spirit   .   t - +0 leather armour
rPois   +          Reflect  .   z - +2 hat
rElec   .          Harm     .   K - +1 cloak
rCorr   .          Rampage  .   L - +2 pair of gloves
Will    .....                   q - +0 pair of boots
Stlth   +.........              b - amulet of faith
HPRegen 0.21/turn               h - ring of poison resistance
MPRegen 0.19/turn               j - ring of Suspected Treachery {Fire Int+6}

@: ice-armoured, freezing walls, very slightly contaminated, repel missiles
A: (nimble swimmer 2), mertail
a: Renounce Religion, Upheaval, Elemental Force


You were on level 10 of the Dungeon.
You worshipped Qazlal.
Qazlal was greatly pleased with you.
You visited 1 branch of the dungeon, and saw 10 of its levels.

You collected 439 gold pieces.
You spent 136 gold pieces at shops.

Inventory:

Hand Weapons
 n - the +3 dagger "Muriah" (weapon) {freeze, Dex+2}
   (You found it on level 6 of the Dungeon)

   It freezes those it strikes, dealing additional cold damage.
   It can also slow down cold-blooded creatures.
   Dex:       It affects your dexterity (+2).
 u - a +0 trident
Missiles
 d - 264 stones
 f - 9 poisoned darts (quivered)
 r - 2 throwing nets
 D - 9 boomerangs
Armour
 a - a +0 robe
 q - a +0 pair of boots (worn)
 t - a +0 leather armour (worn)
 z - a +2 hat (worn)
 K - a +1 cloak (worn)
 L - a +2 pair of gloves (worn)
Magical Staves
 B - a staff of air
Jewellery
 b - an amulet of faith (around neck)
 h - a ring of poison resistance (left hand)
 j - the ring of Suspected Treachery (right hand) {Fire Int+6}
   (You acquired it on level 9 of the Dungeon)

   [ring of fire]

   It enhances your fire magic.
   Int:       It affects your intelligence (+6).
   rF:        It protects you from fire.
   rC:        It makes you vulnerable to cold.
 p - an amulet of the acrobat
 C - an amulet of regeneration
 M - an amulet of magic regeneration
Wands
 y - a wand of polymorph (5)
 J - a wand of paralysis (7)
Scrolls
 c - 2 scrolls of teleportation
 i - a scroll of blinking
 k - 2 scrolls of amnesia {unknown}
 l - 2 scrolls of magic mapping {unknown}
 o - a scroll of fear
 s - 2 scrolls of fog
 v - a scroll of summoning {unknown}
Potions
 e - 2 potions of might
 g - a potion of degeneration {unknown}
 m - 4 potions of curing
 w - 2 potions of attraction {unknown}
 x - 2 potions of mutation {unknown}
 A - 3 potions of magic {unknown}
 E - a potion of resistance {unknown}
 F - 3 potions of brilliance {unknown}
 G - 3 potions of ambrosia {unknown}
 H - a potion of berserk rage
 I - 2 potions of flight {unknown}


   Skills:
 - Level 3.0 Dodging
 - Level 2.1 Stealth
 * Level 10.4 Spellcasting
 + Level 6.1 Conjurations
 * Level 3.0 Fire Magic
 + Level 11.9 Ice Magic


You couldn't memorise any spells.
You knew the following spells:

 Your Spells              Type           Power      Damage    Failure   Level
a - Freeze                Ice            100%       1d11      1%          1
b - Frozen Ramparts       Ice            100%       1d12      1%          3
c - Ozocubu's Armour      Ice            64%        N/A       1%          3
d - Static Discharge      Conj/Air       28%        N/A       3%          2
e - Hailstorm             Conj/Ice       55%        3d12      1%          4
f - Foxfire               Conj/Fire      100%       2x1d9     1%          1
g - Poisonous Vapours     Pois/Air       26%        N/A       11%         2
h - Ignite Poison         Fire/Tmut/Pois 27%        N/A       14%         3
i - Fireball              Conj/Fire      26%        3d12      28%         5
j - Scorch                Fire           84%        2d9       3%          2
k - Flame Wave            Conj/Fire      52%        2d11      11%         4

Your spell library contained the following spells:

 Spells                   Type           Power      Damage    Failure   Level
 Conjure Flame            Conj/Fire      52%        6-21      3%          3
 Inner Flame              Hex/Fire       30%        N/A       11%         3
 Sticky Flame             Conj/Fire      52%        2d7       11%         4
 Dispel Undead            Necr           13%        3d9       56%         4
 Conjure Ball Lightning   Conj/Air       14%        3x3d6     96%         6
 Discord                  Hex            6%         N/A       100%        8
 Disjunction              Tloc           6%         N/A       100%        8
 Fire Storm               Conj/Fire      26%        8d7       100%        9


Dungeon Overview and Level Annotations

Branches:
Dungeon (10/15)            Temple (0/1) D:4             Orc (0/2) D:10
   Lair: D:8-11

Altars:
Ashenzari
Elyvilon
Qazlal
Trog
Zin
Beogh

Shops:
D:5 ?   D:8 [

Annotations:
D:7 2 transporters, elongatedgoose's ghost, amateur SpBr
D:10 Fannar


Innate Abilities, Weirdness & Mutations

((You are very nimble when in or above water. (Stealth+, EV+, Speed+++)))
Your lower body shifts to a powerful aquatic tail in water.


Message History

The flame wave engulfs the ice beast!
The ice beast melts!
The ice beast is heavily wounded.
Fannar completely resists.
The wall freezes Fannar but does no damage.
Fannar hits you with a +0 quarterstaff of freezing.
Fannar freezes you.
The ice beast completely resists.
The wall freezes the ice beast but does no damage.
A wave of flame ripples out!
The flame wave engulfs Fannar but does no damage.
Fannar is moderately wounded.
The flame wave engulfs the ice beast!
The ice beast melts!
The ice beast is almost dead.
You finish channelling waves of flame.
You hear a shout!
Fannar resists.
The wall freezes Fannar.
Fannar hits you but does no damage.
The ice beast completely resists.
The wall freezes the ice beast but does no damage.
Casting: Flame Wave (dangerous; 11% risk of failure)
Confirm with . or Enter, or press ? or * to list all spells.
You feel a surge of power!
Flames lash the ice beast.
The ice beast melts!
You kill the ice beast!
The ice beast disappears in a puff of smoke!
Fannar resists.
The wall freezes Fannar.
Fannar hits you but does no damage.
Casting: Scorch (safe; 3% risk of failure)
Confirm with . or Enter, or press ? or * to list all spells.
You feel a surge of power!
Flames lash Fannar.
Fannar is burned terribly!
Fannar is heavily wounded.
Fannar's fire resistance burns away.
Fannar completely resists.
The wall freezes Fannar but does no damage.
Fannar misses you.
Casting: Scorch (safe; 3% risk of failure)
Confirm with . or Enter, or press ? or * to list all spells.
You feel a surge of power!
Flames lash Fannar.
Fannar is burned terribly!
Fannar is heavily wounded.
Fannar resists.
The wall freezes Fannar.
Fannar gestures wildly while chanting.
Fannar drains the heat from the surrounding environment!
You feel a terrible chill!
Ouch! That really hurt!
You die...

.......##.......(......#
######
#......#########'#######
#.....
#......#########.#.....#
.#.####
###...........##.#.###.#
.#.#<..
..+...........'........#
.#.####
###...........##...###.#
D#..... #...##########.#.#
#Y# .###### #...# #.#.#
#§# .# #...#
####@#.###e###.#
###########.○e.#....YY...#
#......§.☼##.##.#####
#.............#.#
#......$### #.# #.....<.#
... #.......# ..#
#.......# #..# #########
#..#


You could see Fannar (combustible).

Vanquished Creatures
  Harold (D:9)
  An orc knight (D:10)
  Maurice (D:9)
  Prince Ribbit (D:5)
  A hornet (D:10)
  Sigmund (D:4)
  3 slime creatures (D:9)
  2 shadows (D:9)
  A vampire (D:10)
  2 wyverns
  2 wraiths
  Eustachio (D:5)
  5 yaks (D:9)
  A steam dragon (D:4)
  Duvessa (D:6)
  An acid dragon (D:10)
  3 water moccasins
  3 orc warriors (D:10)
  A hornet zombie (D:8)
  3 sky beasts
  A black bear (D:5)
  A necrophage (D:6)
  3 ogres
  4 centaurs
  3 bullfrogs
  4 scorpions
  A gnoll sergeant (D:8)
  A water moccasin zombie (D:5)
  2 water moccasin skeletons (D:5)
  Dowan (D:6)
  6 killer bees (D:10)
  6 howler monkeys
  A centaur zombie (D:9)
  2 jellies
  A gnoll shaman (D:4)
  A bullfrog skeleton (D:5)
  6 orc priests
  Ijyb (D:3)
  4 iguanas
  Natasha (twice) (D:4)
  Terence (D:2)
  4 orc wizards
  A killer bee zombie (D:8)
  A howler monkey zombie (D:10)
  4 adders
  14 gnolls
  An ufetubus (D:5)
  An adder skeleton (D:4)
  3 dart slugs
  33 orcs
  6 bats
  5 endoplasms
  2 giant cockroaches
  6 goblins
  3 hobgoblins
  10 jackals
  5 kobolds
  6 quokkas
  2 ball pythons
  8 frilled lizards
  7 rats
209 creatures vanquished.

Vanquished Creatures (others)
  40 foxfires (D:9)
40 creatures vanquished.

Grand Total: 249 creatures vanquished

Notes
Turn   | Place    | Note
-------+----------+-------------------------------------------
     0 | D:1      | firemarshallily the Merfolk Ice Elementalist began the
                  | quest for the Orb.
     0 | D:1      | Reached XP level 1. HP: 13/13 MP: 3/3
   385 | D:1      | Reached XP level 2. HP: 17/19 MP: 3/5
   890 | D:1      | Reached XP level 3. HP: 21/24 MP: 2/6
   894 | D:1      | Learned a level 3 spell: Frozen Ramparts
   898 | D:1      | Learned a level 3 spell: Ozocubu's Armour
   986 | D:1      | Found a faded altar of an unknown god.
  1070 | D:1      | Reached skill level 5 in Ice Magic
  1328 | D:2      | Reached XP level 4. HP: 24/30 MP: 1/8
  1642 | D:2      | Noticed Terence
  1649 | D:2      | Killed Terence
  1824 | D:3      | Reached XP level 5. HP: 28/35 MP: 1/10
  2473 | D:3      | Found a stormy altar of Qazlal.
  2479 | D:3      | Became a worshipper of Qazlal Stormbringer
  2506 | D:3      | Reached skill level 6 in Ice Magic
  2608 | D:3      | Reached skill level 1 in Conjurations
  3076 | D:3      | Noticed Ijyb
  3109 | D:3      | Killed Ijyb
  3110 | D:3      | Reached XP level 6. HP: 29/41 MP: 0/12
  3407 | D:4      | Noticed Sigmund
  3462 | D:4      | Found a staircase to the Ecumenical Temple.
  3480 | D:5      | Entered Level 5 of the Dungeon
  3658 | D:5      | Noticed Prince Ribbit
  3683 | D:5      | Killed Prince Ribbit
  3684 | D:5      | Reached skill level 5 in Spellcasting
  3684 | D:5      | Reached skill level 7 in Ice Magic
  3684 | D:5      | Reached XP level 7. HP: 46/46 MP: 2/14
  3687 | D:5      | Learned a level 2 spell: Static Discharge
  3810 | D:5      | Found a glowing silver altar of Zin.
  3993 | D:5      | Reached XP level 8. HP: 29/52 MP: 3/16
  4188 | D:5      | Noticed Eustachio
  4212 | D:5      | Killed Eustachio
  4213 | D:5      | Reached skill level 8 in Ice Magic
  4308 | D:5      | Reached * piety under Qazlal
  4632 | D:5      | Found Waojuomn's Magic Scroll Boutique.
  4642 | D:5      | Bought a scroll of teleportation for 39 gold pieces
  4642 | D:5      | Bought a scroll of enchant armour for 97 gold pieces
  5179 | D:6      | Found a broken altar of Ashenzari.
  5268 | D:6      | Identified the +3 dagger "Muriah" {freeze, Dex+2}
  5310 | D:6      | Noticed Duvessa
  5317 | D:6      | Learned a level 4 spell: Hailstorm
  5353 | D:6      | Noticed Dowan
  5360 | D:6      | Killed Duvessa
  5364 | D:6      | Killed Dowan
  5365 | D:6      | Reached skill level 9 in Ice Magic
  5365 | D:6      | Reached XP level 9. HP: 57/57 MP: 2/19
  6231 | D:4      | Killed Sigmund
  6378 | D:4      | Noticed Natasha
  6385 | D:4      | Killed Natasha
  6440 | D:4      | Reached ** piety under Qazlal
  6838 | D:4      | Noticed Natasha
  6848 | D:4      | Killed Natasha
  7263 | D:7      | Noticed elongatedgoose's ghost (amateur SpBr)
  7264 | D:7      | Found a bloodstained altar of Trog.
  7264 | D:7      | Found a transporter.
  7264 | D:7      | Noticed a two-headed ogre
  7308 | D:7      | Reached skill level 10 in Ice Magic
  7376 | D:7      | Noticed a moth of wrath
  7394 | D:7      | Found a transporter.
  8025 | D:8      | Found Inyfriog's Armour Emporium.
  8236 | D:8      | Found a white marble altar of Elyvilon.
  8254 | D:8      | Reached XP level 10. HP: 59/63 MP: 16/22
  8569 | D:9      | Reached *** piety under Qazlal
  8614 | D:9      | Noticed Maurice
  8622 | D:9      | Killed Maurice
  8623 | D:9      | Reached skill level 5 in Conjurations
  8623 | D:9      | Reached skill level 11 in Ice Magic
  8714 | D:9      | Identified 2 scrolls of acquirement
  8714 | D:9      | Acquired the ring of Suspected Treachery {Fire Int+6}
  8718 | D:9      | Acquired the Tome of Poison and the Volcanoes
  8722 | D:9      | Learned a level 1 spell: Foxfire
  8725 | D:9      | Learned a level 2 spell: Poisonous Vapours
  8729 | D:9      | Learned a level 3 spell: Ignite Poison
  8763 | D:9      | Noticed Harold
  8773 | D:9      | Killed Harold
  8923 | D:9      | Reached skill level 1 in Fire Magic
  9433 | D:9      | Learned a level 5 spell: Fireball
  9966 | D:9      | Reached XP level 11. HP: 46/68 MP: 17/24
 10276 | D:10     | Entered Level 10 of the Dungeon
 10289 | D:10     | Noticed Fannar
 10505 | D:10     | Reached skill level 10 in Spellcasting
 10716 | D:10     | HP: 2/68 [Fannar/refrigeration (24)]
 11084 | D:10     | Noticed an orc knight
 11087 | D:10     | Reached **** piety under Qazlal
 11102 | D:10     | Killed an orc knight
 11532 | D:10     | Found a staircase to the Orcish Mines.
 11600 | D:10     | Acquired the Volume of the Arsonist
 11605 | D:10     | Learned a level 2 spell: Scorch
 11610 | D:10     | Learned a level 4 spell: Flame Wave
 11791 | D:10     | Killed from afar by Fannar

Illustrated notes

Levels and vault maps discovered:
D:1:      lemuel_arrival_funnel, layout_loops_cross,
          hellmonk_ecumenical_altar_blasted, minivault_24
D:2:      layout_rooms, uniq_terence
D:3:      layout_basic, grunt_qazlal_clouds, dk_vineyard_2, uniq_ijyb
D:4:      minmay_wonky_spiral, layout_cave_pools,
          minmay_temple_entry_from_below_a, minmay_misc_feat_hallway,
          chequers_hall_statues_wall_a, grunt_ministairs_1, uniq_natasha,
          uniq_sigmund
D:5:      layout_loops_ring, mainiacjoe_overflow_paths, serial_shops,
          nicolae_shop_trees, minmay_misc_feat_room, uniq_eustachio,
          uniq_prince_ribbit1
D:6:      layout_loops_ring, ashenzari_altar_1, lemuel_flamethrower_2,
          uniq_duvessa
D:7:      layout_rooms, gammafunk_ghost_wrathful_warriors,
          nicolae_elevator_lobby_plus
D:8:      layout_rooms, elyvilon_altar_3, serial_shops, shop_statue
D:9:      layout_irregular_city, solitary_fountain,
          hangedman_abyss_or_decor_jellyfish_corner, uniq_harold, uniq_maurice
D:10:     layout_basic, david_orc_5, st_stairs_9, nicolae_shop_clearance,
          uniq_fannar

Skill      XL: |  1  2  3  4  5  6  7  8  9 10 11 |
---------------+----------------------------------+-----
Dodging        | 3 |  3.0
Ice Magic      | 5 6 7 9 10 11 | 11.9
Spellcasting   | 3 4 5 6 8 9 10 | 10.4
Conjurations   | 1 2 3 4 5 6 |  6.1
Fire Magic     | 2 3 |  3.0
Stealth        | |  2.1

Action                   |  1- 3 |  4- 6 |  7- 9 | 10-12 || total
-------------------------+-------+-------+-------+-------++-------
Melee: Club              |     6 |       |       |       ||     6
       Dagger            |    20 |    51 |   173 |   167 ||   411
       Punch             |       |     1 |     1 |     7 ||     9
Throw: Dart              |       |     4 |     6 |     9 ||    19
 Cast: Freeze            |    54 |    42 |    20 |    16 ||   132
       Frozen Ramparts   |       |    10 |    46 |    31 ||    87
       Ozocubu's Armour  |       |     4 |    22 |    18 ||    44
       Static Discharge  |       |       |     4 |     2 ||     6
       Hailstorm         |       |       |    10 |    24 ||    34
       Foxfire           |       |       |       |    23 ||    23
       Poisonous Vapours |       |       |       |     3 ||     3
       Ignite Poison     |       |       |       |     1 ||     1
       Scorch            |       |       |       |     3 ||     3
       Flame Wave        |       |       |       |     2 ||     2
  Use: Scroll            |       |     5 |     5 |    12 ||    22
       Potion            |       |       |     2 |     6 ||     8
 Stab: Sleeping          |     3 |     1 |       |       ||     4
Armor: Robe              |    15 |    13 |    79 |    39 ||   146
       Skin              |       |       |     9 |    30 ||    39
       Leather armour    |       |       |       |    14 ||    14
Dodge: Dodged            |    42 |    44 |   108 |    81 ||   275
Block: Other             |       |       |     9 |    35 ||    44
